 Dungeon Crawl Stone Soup version 0.30-a0-728-gc68057be0a (webtiles) character file.

Game seed: 9406205792870224237

4783 IdlyInterested the Thaumaturge (level 10, -3/71 (76) HPs)
             Began as a Demonspawn Fighter on Jan 31, 2023.
             Slain by an orc warrior
             ... wielding a +0 battleaxe
              (8 damage)
             ... in a bailey.
             The game lasted 00:27:58 (9104 turns).

IdlyInterested the Thaumaturge (Demonspawn Fighter) Turns: 9104, Time: 00:27:59

HP:   -3/71 (76)    AC: 16    Str: 17    XL:     10   Next: 23%
MP:   25/25         EV:  7    Int: 10    God:
Gold: 107           SH:  6    Dex: 16    Spells: 31/31 levels left

rFire   + . .      SeeInvis .    i - +1 short sword (venom)
rCold   . . .      Faith    .    c - +1 buckler
rNeg    . . .      Spirit   .    q - +0 chain mail
rPois   .          Reflect  .    p - +0 helmet
rElec   .          Harm     .    s - +0 cloak
rCorr   .          Rampage  .    x - +1 pair of gloves
Will    +....                    u - +0 pair of boots Stlth
                                 (no amulet)
HPRegen 0.31/turn                w - ring of protection from fire
MPRegen 0.19/turn                t - ring of willpower

@: drained, invisible
A: claws 1, slimy green scales 1, ignite blood 1, demonic magic 2
a: no special abilities


You were in a bailey.
You visited 2 branches of the dungeon, and saw 10 of its levels.
You also visited: Bailey.

You collected 474 gold pieces.
You spent 367 gold pieces at shops.

Inventory:

Hand Weapons
 a - a +0 rapier
 i - a +1 short sword of venom (weapon)
 y - a +0 rapier
Missiles
 d - a throwing net
 h - 49 poisoned darts (quivered)
 n - 6 boomerangs
 o - 110 stones
 G - a curare-tipped dart
Armour
 b - a +0 scale mail
 c - a +1 buckler (worn)
 e - a +0 ring mail
 p - a +0 helmet (worn)
 q - a +0 chain mail (worn)
 s - a +0 cloak (worn)
 u - a +0 pair of boots (worn)
 x - a +1 pair of gloves (worn)
 A - a +0 kite shield
Jewellery
 k - a ring of protection from cold
 t - a ring of willpower (right hand)
 w - a ring of protection from fire (left hand)
 H - a ring of ice
Wands
 B - a wand of paralysis (24)
 D - a wand of flame (20)
 E - a wand of polymorph (8)
Scrolls
 r - 4 scrolls of teleportation
 z - a scroll of amnesia
 F - a scroll of enchant weapon
Potions
 f - 3 potions of magic
 g - a potion of invisibility
 j - a potion of flight
 l - 6 potions of curing
 m - 2 potions of lignification
 v - a potion of attraction


   Skills:
 - Level 6.0 Fighting
 * Level 9.0 Short Blades
 - Level 1.0 Throwing
 - Level 2.6 Armour
 - Level 1.0 Dodging
 - Level 1.0 Stealth
 + Level 3.7 Shields
 - Level 11.4 Spellcasting


You had 31 spell levels left.
You didn't know any spells.
Your spell library contained the following spells:

 Spells                   Type           Power      Damage    Failure   Level
 Necrotise                Necr           20%        1d5       94%         1
 Sandblast                Erth           10%        2d5       94%         1
 Slow                     Hex            20%        N/A       94%         1
 Sting                    Tmut/Pois      20%        1d4       94%         1
 Cigotuvi's Dreadful Rot  Necr/Pois/Air  10%        N/A       98%         2
 Poisonous Vapours        Pois/Air       10%        N/A       98%         2
 Confusing Touch          Hex            5%         N/A       100%        3
 Inner Flame              Hex/Fire       5%         N/A       100%        3
 Kindle Blastsparks       Fire/Tloc/Air  10%        2d10      100%        3
 Mephitic Cloud           Conj/Pois/Air  5%         N/A       100%        3
 Vampiric Draining        Necr           5%         2d6       100%        3
 Animate Armour           Summ/Erth      10%        N/A       100%        4
 Cause Fear               Hex            2%         N/A       100%        4
 Fulminant Prism          Conj/Hex       2%         3d5       100%        4
 Olgreb's Toxic Radiance  Pois           5%         N/A       100%        4


Dungeon Overview and Level Annotations

Branches:
Dungeon (9/15)             Temple (1/1) D:5            Lair (0/5) D:8
 Bailey (1/1)
    Orc: D:9-12

Altars:
Ashenzari
Cheibriados
Dithmenos
Fedhas
Gozag
Hepliaklqana
Kikubaaqudgha
Makhleb
Nemelex Xobeh
Okawaru
Qazlal
Ru
Sif Muna
Trog
Uskayaw
Vehumet
Yredelemnul
Lugonu

Shops:
D:1 *   D:6 (   D:7 *(


Innate Abilities, Weirdness & Mutations

You have sharp fingernails.
You are partially covered in slimy green scales. (AC +2)
Your demonic aura sometimes causes spilled blood to erupt in flames.
Spells you cast may paralyse nearby enemies.


Message History

The orc warrior hits you with a +0 battleaxe.
You barely miss the orc warrior. You hit the orc warrior.
The orc warrior looks even sicker.
The orc warrior is lightly wounded.
You block the orc warrior's attack.
The orc warrior hits you with a +0 battleaxe!
You hit the orc warrior.
The orc warrior is moderately wounded.
You hit the orc warrior but do no damage.
The orc warrior looks as sick as possible!
The orc warrior is moderately wounded.
You block the orc warrior's attack. The orc warrior barely misses you.
The kobold throws a boomerang.
The boomerang hits you but does no damage.
Aiming: Throw Flame
Press: ? - help, Shift-Dir - straight line, f - kobold
Aim: a kobold, quivering boomerangs (60% to hit)
You feel a bit more experienced.
The orc warrior looks more healthy.
The orc warrior hits you with a +0 hand axe!
The orc warrior hits you with a +0 battleaxe!
* * * LOW HITPOINT WARNING * * *
You completely miss the orc warrior.
The orc warrior is heavily wounded.
The orc warrior hits you but does no damage.
You block the orc warrior's attack.
You hit the orc warrior but do no damage.
The orc warrior is poisoned.
The orc warrior is moderately wounded.
You hit the orc warrior but do no damage.
The orc warrior looks even sicker.
The orc warrior is moderately wounded.
You block the orc warrior's attack.
The orc warrior hits you with a +0 battleaxe!
* * * LOW HITPOINT WARNING * * *
You fade into invisibility!
The orc warrior hits you with a +0 hand axe!
* * * LOW HITPOINT WARNING * * *
The orc warrior is engulfed in blazing flames.
The orc warrior hits you with a +0 battleaxe!
You die...

.....## ##...##
##...#### ##.....####
##.......###
#..∩......####
#.............####
#≈≈≈≈≈≈≈≈≈...(o)..###
≈≈≈≈≈≈≈≈≈≈≈≈≈..@o....#
≈≈≈#########≈≈≈≈≈(.....#
≈≈K#...[Ko.#∩≈≈≈≈≈≈~....
## #.....g.####(§≈~≈≈≈≈≈
###o## #oo#.(...~≈≈≈ .K
gKoo###......# ###..'
.....## ......


You could see an orc knight (unable to see you), 3 orc warriors, an orc (unable
to see you), a goblin (unable to see you) and a kobold (unable to see you).

Vanquished Creatures
  Pikel (D:7)
  A troll (D:8)
  Prince Ribbit (D:9)
  A wraith (D:6)
  A ynoxinul (D:8)
  2 water moccasins
  2 orc warriors (D:8)
  2 ice beasts (D:7)
  7 black bears
  A centaur (D:9)
  An ogre (D:6)
  A lemure (D:7)
  A phantom (D:6)
  5 kobold brigands
  A bullfrog (D:7)
  A necrophage (D:5)
  4 scorpions
  5 wights (D:9)
  5 killer bees (D:7)
  3 howler monkeys (D:8)
  Crazy Yiuf (D:3)
  5 hounds
  A jelly (D:8)
  2 orc priests (D:4)
  4 orc wizards
  An iguana (D:4)
  6 gnolls
  An adder (D:3)
  2 white imps
  3 worms (D:2)
  2 dart slugs
  19 orcs
  2 ball pythons (D:1)
  7 bats
  4 endoplasms
  5 giant cockroaches
  4 goblins
  4 hobgoblins
  3 quokkas
  4 frilled lizards
  32 kobolds
  9 rats
167 creatures vanquished.

Vanquished Creatures (others)
  4 fungi
  2 plants (D:8)
6 creatures vanquished.

Grand Total: 173 creatures vanquished

Notes
Turn   | Place    | Note
-------+----------+-------------------------------------------
     0 | D:1      | IdlyInterested the Demonspawn Fighter began the quest for
                  | the Orb.
     0 | D:1      | Reached XP level 1. HP: 18/18 MP: 1/1
   269 | D:1      | Gained mutation: You are partially covered in slimy green
                  | scales. (AC +2) [demonic ancestry]
   269 | D:1      | Reached XP level 2. HP: 22/24 MP: 2/2
   366 | D:1      | Found a faded altar of an unknown god.
   429 | D:1      | Reached skill level 1 in Stealth
   666 | D:1      | Found Yserghamaq's Assorted Antiques.
   674 | D:1      | Bought a fizzy green potion for 23 gold pieces
   674 | D:1      | Bought a green potion for 23 gold pieces
  1219 | D:1      | Bought a scroll labelled HOEMOU PULEOG for 26 gold pieces
  1617 | D:2      | Reached XP level 3. HP: 29/29 MP: 3/3
  1859 | D:2      | Reached skill level 1 in Throwing
  2437 | D:3      | Gained mutation: You have sharp fingernails. [demonic
                  | ancestry]
  2437 | D:3      | Reached XP level 4. HP: 25/35 MP: 4/4
  2771 | D:3      | Reached skill level 1 in Dodging
  3043 | D:3      | Found a runed translucent door.
  3044 | D:3      | Noticed Crazy Yiuf
  3116 | D:3      | Found an iron altar of Okawaru.
  3117 | D:3      | Found a broken altar of Ashenzari.
  3120 | D:3      | Found a sacrificial altar of Ru.
  3238 | D:3      | Killed Crazy Yiuf
  3239 | D:3      | Gained mutation: Your demonic aura sometimes causes spilled
                  | blood to erupt in flames. [demonic ancestry]
  3239 | D:3      | Reached XP level 5. HP: 41/41 MP: 5/5
  3343 | D:4      | Found a radiant altar of Vehumet.
  3739 | D:4      | Reached skill level 5 in Short Blades
  3741 | D:4      | Gained mutation: Spells you cast may paralyse adjacent
                  | enemies. [demonic ancestry]
  3741 | D:4      | Reached XP level 6. HP: 28/47 MP: 6/6
  3828 | D:4      | Reached skill level 11 in Spellcasting
  3828 | D:4      | Reached XP level 7. HP: 52/52 MP: 6/21
  4110 | D:1      | Bought a glowing agate ring for 130 gold pieces
  4274 | D:5      | Entered Level 5 of the Dungeon
  4483 | D:5      | Found a shadowy altar of Dithmenos.
  4575 | D:5      | Found a staircase to the Ecumenical Temple.
  4617 | Temple   | Entered the Ecumenical Temple
  5445 | D:6      | Reached XP level 8. HP: 37/60 MP: 23/23
  6037 | D:6      | Found Suykoub's Weapon Shop.
  6265 | D:6      | Bought 4 poisoned darts for 31 gold pieces
  6265 | D:6      | Bought 4 stones for 5 gold pieces
  6265 | D:6      | Bought a throwing net for 39 gold pieces
  6308 | D:7      | Found an opulent altar of Gozag.
  6308 | D:7      | Found an opulent altar of Gozag.
  6308 | D:7      | Found an opulent altar of Gozag.
  6531 | D:7      | Noticed Pikel
  6547 | D:7      | Killed Pikel
  6548 | D:7      | Gained mutation: Spells you cast may paralyse nearby
                  | enemies. [demonic ancestry]
  6548 | D:7      | Reached XP level 9. HP: 48/67 MP: 24/24
  6609 | D:7      | Reached skill level 5 in Fighting
  6802 | D:7      | Found an opulent altar of Gozag.
  6856 | D:7      | Found Jedocae's General Store.
  6946 | D:7      | Found a hide-covered altar of Uskayaw.
  7175 | D:7      | Found Guhupess's Weapon Emporium.
  7698 | D:7      | Bought a scroll of enchant weapon for 90 gold pieces
  8001 | D:8      | Noticed an angel
  8103 | D:8      | Found a shimmering blue altar of Sif Muna.
  8118 | D:8      | Got Sif Muna's Writings on Dark Causimancy
  8123 | D:8      | Found a bloodstained altar of Trog.
  8123 | D:8      | Noticed a troll
  8128 | D:8      | Killed a troll
  8246 | D:8      | Found a staircase to the Lair.
  8290 | D:8      | Got Sif Muna's Cyclopedia of Fey Clay
  8621 | D:8      | Reached XP level 10. HP: 75/76 MP: 25/25
  8733 | D:9      | Noticed Prince Ribbit
  8748 | D:9      | Killed Prince Ribbit
  8954 | D:9      | Found a flagged portal.
  9006 | Bailey   | Entered a bailey
  9082 | Bailey   | Noticed an orc knight
  9104 | Bailey   | Slain by an orc warrior

Illustrated notes

Levels and vault maps discovered:
D:1:      erik_arrival_cave_to_civilisation [erik_arrival_cave_to_hall],
          layout_basic, chequers_ecumenical_altar_island, serial_shops, shop,
          minmay_misc_feat_cross
D:2:      layout_basic, wad_orctagon
D:3:      layout_loops_ring, grunt_temple_overflow_open, uniq_crazy_yiuf_cottage
D:4:      layout_cave_pools, fiery_altar_vehumet, chequers_serial_rivers_room_b
D:5:      layout_gridville, overflow_temple_1_default, minmay_temple_entry_trees
D:6:      layout_loops_cross, mainiacjoe_overflow_chevrons, serial_shops, shop
D:7:      layout_basic, nicolae_gozag_conspicuous_consumption,
          eat_drink_and_be_merry_uskayaw, serial_shops, shop,
          nicolae_shop_behind_doors, hangedman_decor_opposing, uniq_pikel
D:8:      layout_loops_ring, nzn_overflow_gifts_of_might_and_magic, zin_angel,
          grunt_lair_entry_orc_guard_hut
D:9:      layout_loops_ring, nzn_wu_jian_council_hall, enter_bailey_2,
          jiyva_altar_1, uniq_prince_ribbit1
Temple:   corrupted_temple
Bailey:   bailey_axe_4, bailey

Skill      XL: |  1  2  3  4  5  6  7  8  9 10 |
---------------+-------------------------------+-----
Short Blades   | 2 3 4 5 6 8 9 |  9.0
Stealth        | 1 |  1.0
Throwing       | 1 |  1.0
Dodging        | 1 |  1.0
Shields        | 3 |  3.7
Spellcasting   | 11 | 11.4
Fighting       | 4 6 |  6.0
Armour         | |  2.6

Action                     |  1- 3 |  4- 6 |  7- 9 | 10-12 || total
---------------------------+-------+-------+-------+-------++-------
  Melee: Rapier            |    54 |       |       |       ||    54
         Short sword       |   100 |    84 |   435 |   167 ||   786
  Throw: Stone             |    16 |       |       |       ||    16
         Dart              |     7 |       |    16 |     2 ||    25
  Evoke: Wand              |       |       |       |     5 ||     5
    Use: Scroll            |    11 |     2 |     4 |       ||    17
         Potion            |       |     3 |     4 |     5 ||    12
 Armour: Scale mail        |    72 |     9 |       |       ||    81
         Chain mail        |       |    42 |   209 |    83 ||   334
         Skin              |       |     1 |       |       ||     1
  Dodge: Dodged            |    44 |    21 |    94 |    32 ||   191
  Block: Buckler           |    20 |    15 |   102 |    61 ||   198

Table legend: (Time is in decaauts)
 A = Elapsed time spent in this place.
 B = Non-inter-level travel time spent in this place.
 C = Inter-level travel time spent in this place.
 D = Time resting spent in this place.
 E = Time spent auto-exploring this place.
 F = Levels seen in this place.
 G = Mean time per level.
                   A        B        C        D        E       F      G
               +--------+--------+--------+--------+--------+-----+--------+
         Total |   8950 |   7263 |   1687 |    641 |   4510 |  11 |  813.6 |
       Dungeon |   8799 |   7126 |   1673 |    593 |   4482 |   9 |  977.7 |
        Temple |     63 |     49 |     14 |      0 |     28 |   1 |   63.0 |
        Bailey |     87 |     87 |      0 |     48 |      0 |   1 |   87.0 |
               +--------+--------+--------+--------+--------+-----+--------+

Top non-repeatable levels by time:
     D:1: 1414 daAuts
     D:7: 1276 daAuts
     D:3: 1220 daAuts
     D:8: 1025 daAuts
     D:6: 1022 daAuts
     D:2: 934 daAuts
     D:5: 886 daAuts
     D:4: 791 daAuts
     D:9: 228 daAuts
  Bailey: 87 daAuts
  Temple: 63 daAuts
